AoeStats
← El Fantasma de Pancho Villa

Nomad

507193954Analyzed
4v4 RM · 16d ago on Sep 17, 2026· 12m 23s· 8 players
Game mode
Random Map
Map size
231×231
Population
200
Speed
Normal
Resources
Standard
Victory
Conquest
Starting age
Dark Age
Ending age
Imperial Age
RankedLock teamsTeams togetherTeam positionsShared explorationLock speedFull tech treeHidden civsTurbo modeCheats
Victory
Defeat
🇦🇷 Malay · Argentina
1285
+12
🇧🇷 Huns · Brazil
1245
+14
🇵🇪 Huns · Peru
1204
+16
🇲🇽 Koreans · Mexico
1177
+17
🇹🇼 Vietnamese · Taiwan
1274
-17
🇹🇼 Koreans · Taiwan
1231
-16
🇲🇽 Persians · Mexico
1154
-13
🇺🇸 Cumans · United States
1145
-13
.|.
4:50 Loom
13:27 Feudal Age
Bandido
3:37 Loom
CapoT
3:42 Loom
ValkriaN
4:27 Loom
El Fantasma de Pancho Villa
4:49 Loom
Boywars
3:16 Loom
thomas89671173
9:14 Loom
12:36 Feudal Age
鐵之貝克
3:32 Loom
13:41 Feudal Age
Connection lost

Rejoining the realm…

Still unreachable

The connection could not be restored.

Session expired

The server has moved on; the page needs a fresh start.